[Event "Pobeskydi 2026"]
[Site "Frydek-Mistek, Czech Republic"]
[Date "2026.04.03"]
[Round "3.4"]
[White "Buchtova, Viktorie"]
[Black "Sigut, Ondrej"]
[Result "0-1"]
[TimeControl "90 min+30s/move"]
[WhiteTitle "-"]
[BlackTitle "-"]
[WhiteFideId "23714786"]
[BlackFideId "23712813"]
[WhiteElo "2055"]
[BlackElo "2016"]

1. e4 e6 2. d4 d5 3. Nc3 Nf6 4. e5 Nfd7 5. f4 c5 6. Nf3 Nc6 7. Be3 h6 8. a3 cxd4 9. Nxd4 a6 10.
Qg4 Nxd4 11. Bxd4 g5 12. f5 h5 13. Qf3 Bc5 14. fxe6 fxe6 15. Bd3 Qe7 16. Bg6+ Kd8 17. Bxc5 Qxc5 18.
O-O-O Kc7 19. Rhe1 Nb6 20. Bxh5 Bd7 21. Bg4 Raf8 22. Qg3 Kb8 23. h3 Rf4 24. Qd3 Rc8 25. Rd2 Nc4 26. Rde2 Rd4 27.
Qh7 Nxb2 28. Qxd7 Qxc3 29. Qxc8+ Kxc8 30. Bxe6+ Kb8 31. Bf5 Nc4 0-1

[Event "Pobeskydi 2026"]
[Site "Frydek-Mistek, Czech Republic"]
[Date "2026.04.03"]
[Round "3.5"]
[White "Sarkozi, Szabolcs"]
[Black "Langmaier, Michal"]
[Result "0-1"]
[TimeControl "90 min+30s/move"]
[WhiteTitle "-"]
[BlackTitle "-"]
[WhiteFideId "14941660"]
[BlackFideId "23727705"]
[WhiteElo "2117"]
[BlackElo "1949"]

1. e4 c5 2. Nc3 e6 3. d4 cxd4 4. Qxd4 Nc6 5. Qe3 Nf6 6. Nf3 Bb4 7. Bd2 O-O 8. O-O-O d6 9. a3 Bc5 10.
Qe2 Qe7 11. Bg5 a6 12. g4 b5 13. Rg1 b4 14. Na4 bxa3 15. b3 e5 16. h3 Be6 17. Bh4 Bd4 18. g5 Nxe4 19. Nxd4 Nxd4 20.
Rxd4 exd4 21. Qxe4 Qc7 22. Bd3 g6 23. Kb1 Rab8 24. Qxd4 a5 25. Bg3 Rfd8 26. Re1 Rb4 27. Qf6 Bxb3 28.
cxb3 Rxb3+ 29. Ka1 Rxd3 30. Bf4 Rb8 31. Rc1 Qd8 32. Qxd8+ Rxd8 33. Nb6 Rf3 34. Nd5 Rxf2 35. Be3 Rf3 36.
Bb6 Rb8 37. Bxa5 a2 38. Bc3 Rb1+ 39. Rxb1 axb1=Q+ 40. Kxb1 Rxh3 41. Nf6+ Kf8 42. Kc2 h6 43. Nh7+ Ke7 44. Kd2 hxg5 45.
Nxg5 Rh2+ 46. Ke3 f6 47. Ne4 Rh3+ 48. Kf4 Rxc3 49. Nxc3 Ke6 50. Ne4 g5+ 51. Kf3 Ke5 52. Ng3 f5 53.
Nh5 d5 54. Ng7 d4 55. Ne8 g4+ 56. Ke2 g3 57. Nc7 d3+ 0-1

[Event "Pobeskydi 2026"]
[Site "Frydek-Mistek, Czech Republic"]
[Date "2026.04.03"]
[Round "3.6"]
[White "Bjolek, Jan"]
[Black "Boff, Ondrej"]
[Result "0-1"]
[TimeControl "90 min+30s/move"]
[WhiteTitle "-"]
[BlackTitle "-"]
[WhiteFideId "23725800"]
[BlackFideId "23733950"]
[WhiteElo "2026"]
[BlackElo "2101"]

1. d4 Nf6 2. Bf4 c5 3. e3 g6 4.
c3 b6 5.
Nf3 Bg7 6. Nbd2 Bb7 7. Be2 d6 8. O-O O-O 9. Re1 Nbd7 10. Bf1 Nh5 11. Bg3 Nxg3 12. hxg3 d5 13. a4 e5 14. dxe5 Nxe5 15.
Nxe5 Bxe5 16. e4 Bg7 17. exd5 Qxd5 18. Nf3 Rfe8 19. Qxd5 Bxd5 20. Rxe8+ Rxe8 21. a5 Rb8 22. axb6 Rxb6 23.
Rxa7 Rxb2 24. Rd7 Bxf3 25. Rd8+ Bf8 26. gxf3 Rc2 27. c4 Kg7 28. Rd5 Be7 29. Bd3 Rc3 30. Kf1 Bf6 31. f4 Bd4 32.
Be2 Rc1+ 33. Kg2 Rc2 34. Kf1 h5 35. Rd7 Kf6 36. Rb7 Ra2 37. Rc7 Ke6 38. Rc6+ Kf5 39. f3 Ra1+ 40. Kg2 Ra2 41.
Kf1 Ra3 42. Rd6 h4 43. Rd5+ Kf6 44. gxh4 Ra1+ 45. Kg2 Rg1+ 46. Kh2 Rc1 47. Kg2 Rg1+ 48. Kh2 Re1 49. Bd3 Re3 50. Be4 Rc3 51. Rd7 Ke6 52. Rd5 f5 53. Bb1 Rb3 54. h5 Rxb1 55.
hxg6 Rb8 0-1

[Event "Pobeskydi 2026"]
[Site "Frydek-Mistek, Czech Republic"]
[Date "2026.04.03"]
[Round "3.7"]
[White "Osina, Jaromir"]
[Black "Trybus, Daniel"]
[Result "1-0"]
[TimeControl "90 min+30s/move"]
[WhiteTitle "-"]
[BlackTitle "-"]
[WhiteFideId "23712759"]
[BlackFideId "21816131"]
[WhiteElo "1972"]
[BlackElo "2055"]

1. d4 Nf6 2. c4 d6 3. Nc3 Nbd7 4.
e4 e5 5.
d5 Be7 6. f3 O-O 7. Be3 c6 8. Nge2 Ne8 9. Qd2 Nc7 10. O-O-O cxd5 11. cxd5 b5 12. Kb1 b4 13. Na4 Na6 14.
Nc1 Qa5 15. b3 Bd8 16. Nd3 Bb6 17. Ndb2 Bxe3 18. Qxe3 Nac5 19. Nc4 Qc7 20. Nxc5 Nxc5 21. Rc1 Qd8 22. Nxd6 Na4 23. Nxf7 Rxf7 24.
bxa4 Rb8 25. Bb5 b3 26. axb3 Rfb7 27. Rc3 Bd7 28. Bxd7 Qxd7 29. Ka2 Rb4 30. Rhc1 Qb7 31. Qc5 h6 32.
Qc6 Rxb3 33. Qe6+ 1-0

[Event "Pobeskydi 2026"]
[Site "Frydek-Mistek, Czech Republic"]
[Date "2026.04.03"]
[Round "3.8"]
[White "Lichorad, Mateusz"]
[Black "Kovacik, Oliver"]
[Result "1-0"]
[TimeControl "90 min+30s/move"]
[WhiteTitle "-"]
[BlackTitle "-"]
[WhiteFideId "21817693"]
[BlackFideId "2321963"]
[WhiteElo "2039"]
[BlackElo "1969"]

1. e4 c6 2. d4 d5 3. e5 Bf5 4. h4 h5 5. Bd3 Bxd3 6. Qxd3 e6 7. Nf3 c5 8. dxc5 Bxc5 9. c4 Ne7 10.
O-O Nbc6 11. Nc3 Nb4 12. Qe2 dxc4 13. Qxc4 Qc7 14. Be3 Rc8 15. Qb5+ Kf8 16. Bxc5 Qxc5 17. Qxb7 Nd3 18. Rad1 Nxe5 19.
Nxe5 Qxe5 20. Rd7 Re8 21. Rfd1 g6 22. Qxa7 Qf4 23. g3 Qe5 24. Rb7 f5 25. Qd4 Qxd4 26. Rxd4 Kf7 27. Rdd7 Kf6 28.
a4 Nc6 29. Rf7+ Ke5 30. Rbd7 1-0

[Event "Pobeskydi 2026"]
[Site "Frydek-Mistek, Czech Republic"]
[Date "2026.04.03"]
[Round "3.9"]
[White "Szumiec, Jan"]
[Black "Kendall, Arthur"]
[Result "1/2-1/2"]
[TimeControl "90 min+30s/move"]
[WhiteTitle "-"]
[BlackTitle "-"]
[WhiteFideId "41815661"]
[BlackFideId "343410960"]
[WhiteElo "1826"]
[BlackElo "2032"]

1. e4 e6 2. d4 d5 3. Nc3 Nf6 4. e5 Nfd7 5. f4 c5 6. Nf3 Nc6 7. Be3 cxd4 8. Nxd4 Qb6 9. Qd2 Qxb2 10.
Rb1 Qa3 11. Bb5 Nxd4 12. Bxd4 a6 13. Bxd7+ Bxd7 14. Rb3 Qe7 15. Rxb7 Qh4+ 16. Qf2 Qxf2+ 17. Kxf2 Be7 18. Rhb1 Bd8 19.
Rb8 Rxb8 20. Rxb8 O-O 21. Ke3 g5 22. f5 Ba5 23. Rxf8+ Kxf8 24. f6 Kg8 25. g4 h6 26. a3 Kh7 27.
Ke2 Kg6 28. Ke3 h5 29. h3 h4 30. Ke2 Be8 31. Kd1 Bxc3 32. Bxc3 d4 33. Bxd4 Bc6 34. Ke2 Bg2 35. c4 Bxh3 36.
Kf3 Bf1 37. c5 Bb5 38. Kg2 Bc6+ 39. Kh3 Bf3 40. Be3 1/2-1/2

[Event "Pobeskydi 2026"]
[Site "Frydek-Mistek, Czech Republic"]
[Date "2026.04.03"]
[Round "3.10"]
[White "Ocelak, David"]
[Black "Lee, Yuk Hei"]
[Result "1-0"]
[TimeControl "90 min+30s/move"]
[WhiteTitle "-"]
[BlackTitle "-"]
[WhiteFideId "23728795"]
[BlackFideId "343411061"]
[WhiteElo "2009"]
[BlackElo "1960"]

1. e4 c5 2. d4 cxd4 3. Qxd4 Nc6 4. Qd3 Nf6 5. Nc3 e6 6. Bf4 e5 7. Bg5 d6 8. a3 Be7 9. Bxf6 gxf6 10.
O-O-O a6 11. Nd5 Be6 12. Ne2 Bxd5 13. Qxd5 Rc8 14. Ng3 Nd4 15. Rxd4 exd4 16. Bc4 O-O 17. Nf5 Qd7 18. Qxd4 Rc5 19.
Bd5 Rfc8 20. c3 b5 21. Qd2 Bf8 22. h4 Kh8 23. Rh3 Bg7 24. Rg3 Rg8 25. Qd4 Rxd5 26. Qxd5 Bf8 27. Rxg8+ Kxg8 28.
h5 Qe6 29. f4 Qd7 30. g4 Qd8 31. Qc6 Qb8 32. Qd5 Qc7 33. Kc2 Qb6 34. Qd4 Qc6 35. Kd3 a5 36. h6 b4 37. Qxf6 Qa6+ 38.
c4 Qb7 39. axb4 d5 40. exd5 Qxb4 41. Qc3 Qc5 42. d6 1-0

[Event "Pobeskydi 2026"]
[Site "Frydek-Mistek, Czech Republic"]
[Date "2026.04.03"]
[Round "3.11"]
[White "Vancakova, Veronika"]
[Black "Durovka, Marek"]
[Result "1/2-1/2"]
[TimeControl "90 min+30s/move"]
[WhiteTitle "-"]
[BlackTitle "-"]
[WhiteFideId "23731907"]
[BlackFideId "14959542"]
[WhiteElo "1937"]
[BlackElo "2054"]

1. d4 Nf6 2. c4 e6 3. Nc3 Bb4 4. e3 O-O 5. Bd3 d5 6. Nf3 b6 7. cxd5 exd5 8. O-O Bg4 9. a3 Bxc3 10.
bxc3 Ne4 11. Bb2 Qf6 12. Be2 Nc6 13. Qc2 Na5 14. Ne5 Bxe2 15. Qxe2 Qe6 16. a4 f6 17. Nd3 Nc4 18. Qc2 c6 19.
Ba3 Rfe8 20. Rfe1 Qf5 21. Nb2 Nxb2 22. Qxb2 Ng5 23. Qe2 Qg6 24. Kh1 h5 25. c4 h4 26. h3 Ne4 27. cxd5 cxd5 28.
Rac1 Rac8 29. Kg1 Qf5 30. Qb2 Ng5 31. Kh2 1/2-1/2

[Event "Pobeskydi 2026"]
[Site "Frydek-Mistek, Czech Republic"]
[Date "2026.04.03"]
[Round "4.1"]
[White "Walek, Petr"]
[Black "Sigut, Ondrej"]
[Result "0-1"]
[TimeControl "90 min+30s/move"]
[WhiteTitle "-"]
[BlackTitle "-"]
[WhiteFideId "339393"]
[BlackFideId "23712813"]
[WhiteElo "2304"]
[BlackElo "2016"]

1. e4 e6 2. d4 d5 3. Nc3 Nf6 4.
e5 Nfd7 5. f4 c5 6. Nf3 Nc6 7. Be3 Be7 8. Qd2 O-O 9. dxc5 Nxc5 10. O-O-O a6 11. Qf2 Qa5 12. Kb1 Na4 13. Nxa4 Qxa4 14.
Nd4 Bd7 15. h4 f6 16. exf6 Bxf6 17. Nb3 Nb4 18. Nc1 Rac8 19. Bd3 Nxd3 20. Nxd3 Bb5 21. b3 Qa5 22. Bd4 Bxd3 23. Rxd3 Bxd4 24.
Qxd4 Qc7 25. Rc1 Rxf4 26. Qe3 Re4 27. Qg5 Qd8 28. Qd2 Qxh4 29. Rh3 Qf4 30. Qd3 h6 31. Rf3 Qg4 32. Qf1 Re5 33.
Rd1 Qe4 34. Rc1 Rf5 35. Rxf5 Qxf5 36. Qe2 e5 37. Re1 Re8 38. Qd2 e4 39. Re3 Qf1+ 40. Kb2 Qf6+ 41. c3 Qe5 42. a4 b5 43.
axb5 axb5 44. b4 Rc8 45. Qd1 Rc4 46. Qa1 d4 47. Qa8+ Kh7 48. Rh3 dxc3+ 49. Kc2 e3 50. Qf8 Rf4 51. Qc5 Qe4+ 52. Kxc3 e2 53. Rxh6+ Kxh6 54.
Qd6+ Rf6 55. Qh2+ Kg6 56. Qg3+ Kf7 57. Qc7+ Qe7 0-1

[Event "Pobeskydi 2026"]
[Site "Frydek-Mistek, Czech Republic"]
[Date "2026.04.03"]
[Round "4.2"]
[White "Langmaier, Michal"]
[Black "Gnojek, Petr"]
[Result "0-1"]
[TimeControl "90 min+30s/move"]
[WhiteTitle "-"]
[BlackTitle "-"]
[WhiteFideId "23727705"]
[BlackFideId "371807"]
[WhiteElo "1949"]
[BlackElo "2401"]

1. d4 g6 2. c4 Bg7 3. g3 d6 4. Bg2 Nd7 5. Nf3 e5 6. Nc3 Ne7 7. e4 exd4 8. Nxd4 O-O 9. O-O Nc6 10.
Nxc6 bxc6 11. Qc2 Qf6 12. Bf4 Rb8 13. Rac1 Ne5 14. Bxe5 Qxe5 15. b3 h5 16. Ne2 c5 17. Rcd1 h4 18.
Nf4 hxg3 19. hxg3 Qg5 20. Nd5 Bg4 21. Rd2 Rfc8 22. f4 Qd8 23. e5 Qe8 24. Re1 dxe5 25. fxe5 c6 26. Nf4 Bf5 27.
Qd1 Rd8 28. Rxd8 Rxd8 29. Qe2 Qd7 30. Kh1 Re8 31. Qf3 Rxe5 32. Rxe5 Bxe5 33. Qxc6 Qd1+ 34. Kh2 Bd4 35. Qe8+ Kg7 36.
Ne2 Qe1 0-1

[Event "Pobeskydi 2026"]
[Site "Frydek-Mistek, Czech Republic"]
[Date "2026.04.03"]
[Round "4.3"]
[White "Osina, Jaromir"]
[Black "Karas, Marek"]
[Result "0-1"]
[TimeControl "90 min+30s/move"]
[WhiteTitle "-"]
[BlackTitle "-"]
[WhiteFideId "23712759"]
[BlackFideId "14928558"]
[WhiteElo "1972"]
[BlackElo "2232"]

1. d4 d5 2. c4 e6 3. Nc3 c6 4. Nf3 dxc4 5. e3 b5 6. a4 Bb4 7. Bd2 a5 8. axb5 Bxc3 9. Bxc3 cxb5 10.
b3 Bb7 11. bxc4 b4 12. Bb2 Nf6 13. Be2 O-O 14. O-O Nbd7 15. Nd2 Qc7 16. f3 e5 17. Kh1 Rfe8 18. d5 Nc5 19. Nb3 Nxb3 20. Qxb3 Nd7 21. e4 Nc5 22.
Qe3 a4 23. f4 f6 24. fxe5 fxe5 25. Rf5 a3 26. Bxe5 Rxe5 27. Qf4 Nd7 28. Rf7 Rf8 29. Rf1 Qb8 30. c5 Ree8 31. Qxb8 Rxb8 32.
Rxf8+ Rxf8 33. c6 Rxf1+ 34. Bxf1 Bxc6 35. dxc6 Nb6 36. c7 Kf8 37. Bc4 Ke7 38. Kg1 Kd7 39. Bb3 Kxc7 40. Kf2 Nd7 41.
Ke3 Nc5 42. Bg8 b3 43. Kd4 0-1

[Event "Pobeskydi 2026"]
[Site "Frydek-Mistek, Czech Republic"]
[Date "2026.04.03"]
[Round "4.4"]
[White "Haasova, Timea"]
[Black "Durana, Jonas"]
[Result "1-0"]
[TimeControl "90 min+30s/move"]
[WhiteTitle "-"]
[BlackTitle "-"]
[WhiteFideId "14960109"]
[BlackFideId "73619663"]
[WhiteElo "2012"]
[BlackElo "2183"]

1. e4 c5 2. Nf3 d6 3. d4 cxd4 4. Nxd4 Nf6 5. Nc3 a6 6. h3 e5 7. Nb3 Be6 8. f4 Be7 9. f5 Bc8 10.
g4 Nfd7 11. Be3 Nc6 12. Qd2 b5 13. O-O-O Bb7 14. Bg2 Na5 15. Nxa5 Qxa5 16. Kb1 Qc7 17. g5 Rc8 18. Qf2 Qc4 19.
Rhf1 Nc5 20. f6 gxf6 21. gxf6 Bf8 22. Qf5 Ne6 23. Rf2 Qc7 24. Bf3 Qd7 25. Rfd2 Nc5 26. Qh5 Qd8 27. Bg4 Nd7 28.
Bxd7+ Qxd7 29. Qxe5+ Qe6 30. Qd4 Rg8 31. Bf4 Rd8 32. Qb6 Qxf6 33. Qxb7 Qxf4 34. Nd5 Qe5 35. Rf2 Be7 36. Rf5 Rd7 37.
Qxd7+ Kxd7 38. Rxe5 1-0

[Event "Pobeskydi 2026"]
[Site "Frydek-Mistek, Czech Republic"]
[Date "2026.04.03"]
[Round "4.5"]
[White "Boff, Ondrej"]
[Black "Zeman, Daniel Nikolas"]
[Result "0-1"]
[TimeControl "90 min+30s/move"]
[WhiteTitle "-"]
[BlackTitle "-"]
[WhiteFideId "23733950"]
[BlackFideId "23717130"]
[WhiteElo "2101"]
[BlackElo "1957"]

1. e4 c5 2. Nf3 Nc6 3. Bb5 g6 4. O-O Bg7 5. d3 e5 6. Nc3 Nge7 7. Be3 d6 8. Bc4 O-O 9. h3 Nd4 10.
Nd5 Be6 11. Bg5 Bxd5 12. Bxd5 h6 13. Bxe7 Qxe7 14. c3 Ne6 15. Bxe6 Qxe6 16. Re1 Kh7 17. Qe2 f5 18. a3 b5 19.
Rad1 c4 20. d4 fxe4 21. Qxe4 d5 22. Qe2 e4 23. Nd2 Rae8 24. Nf1 h5 25. Ne3 Bh6 26. Rb1 Rf7 27. b3 a6 28. bxc4 bxc4 29.
Qb2 Ref8 30. Re2 Rxf2 31. Nd1 Rf1+ 32. Kh2 Bf4+ 33. g3 Bxg3+ 34. Kg2 Qf5 35. Re3 Rg1+ 0-1

[Event "Pobeskydi 2026"]
[Site "Frydek-Mistek, Czech Republic"]
[Date "2026.04.03"]
[Round "4.6"]
[White "Vancakova, Veronika"]
[Black "Lichorad, Mateusz"]
[Result "0-1"]
[TimeControl "90 min+30s/move"]
[WhiteTitle "-"]
[BlackTitle "-"]
[WhiteFideId "23731907"]
[BlackFideId "21817693"]
[WhiteElo "1937"]
[BlackElo "2039"]

1. d4 Nf6 2. c4 g6 3. Nc3 d5 4. cxd5 Nxd5 5. e4 Nxc3 6. bxc3 Bg7 7. Bc4 c5 8. Ne2 O-O 9. O-O Nc6 10.
Be3 Bg4 11. f3 Bd7 12. Bd3 Qc7 13. Rc1 Rad8 14. Qd2 Qa5 15. Rfd1 Bc8 16. Qb2 a6 17. h3 Rd7 18. f4 cxd4 19.
cxd4 e6 20. Bb1 Rfd8 21. Rd2 Bf8 22. Rcd1 Bg7 23. Qb3 b5 24. Bf2 Bb7 25. Kh2 Qb6 26. Bh4 Re8 27. Qe3 Na5 28.
Bd3 Rc8 29. f5 e5 30. Qg5 exd4 31. f6 Bf8 32. e5 Nc4 33. Bf5 Nxd2 34. Bxd7 Ne4 35. Qf4 Rc4 36. Bf2 Nxf2 37.
Qxf2 Qc7 38. Bg4 Qxe5+ 39. Kg1 h5 40. Bf3 Bxf3 41. Qxf3 Rc2 42. Ng3 Bd6 43. Nf1 Qe2 44. Qxe2 Rxe2 45.
Kh1 Be5 46. Rc1 Bxf6 47. Rc6 Bg5 0-1

[Event "Pobeskydi 2026"]
[Site "Frydek-Mistek, Czech Republic"]
[Date "2026.04.03"]
[Round "4.7"]
[White "Koupil, Stepan"]
[Black "Buchtova, Viktorie"]
[Result "0-1"]
[TimeControl "90 min+30s/move"]
[WhiteTitle "-"]
[BlackTitle "-"]
[WhiteFideId "23742119"]
[BlackFideId "23714786"]
[WhiteElo "1935"]
[BlackElo "2055"]

1. e4 c5 2. Nf3 d6 3.
Bb5+ Nd7 4. O-O a6 5. Bxd7+ Bxd7 6. Re1 Nf6 7. c3 Bc6 8. e5 dxe5 9. Nxe5 Qd5 10.
Nxc6 Qxc6 11. d4 e6 12. Be3 Be7 13. Nd2 Nd5 14. dxc5 Nxe3 15. Rxe3 Bxc5 16. Rg3 Rd8 17. Qc2 O-O 18.
Ne4 Be7 19. Re1 Qd5 20. f4 Qxa2 21. Rh3 g6 22. g4 Qd5 23. Qc1 f5 24. Nf2 Bc5 25. Re2 fxg4 26. Rg3 Qd1+ 27. Qxd1 Rxd1+ 28. Kg2 Bxf2 29. Rxf2 h5 30. Re3 Kf7 31.
Rfe2 Re8 32. Re5 Rd5 33. R5e3 Kf6 34. Kg3 Rf5 35. Rd3 e5 36. Rd6+ Re6 37. fxe5+ Rfxe5 38. Rf2+ Kg5 39. Rd7 Re7 40.
Rd6 h4+ 0-1

[Event "Pobeskydi 2026"]
[Site "Frydek-Mistek, Czech Republic"]
[Date "2026.04.03"]
[Round "4.8"]
[White "Kendall, Arthur"]
[Black "Hlavacek, Pavel"]
[Result "1-0"]
[TimeControl "90 min+30s/move"]
[WhiteTitle "-"]
[BlackTitle "-"]
[WhiteFideId "343410960"]
[BlackFideId "23761768"]
[WhiteElo "2032"]
[BlackElo "1982"]

1. d4 Nf6 2. Nf3 d5 3. e3 e6 4. Bd3 c5 5. c3 Nc6 6. O-O Bd6 7. Nbd2 O-O 8. dxc5 Bxc5 9. b4 Bd6 10.
Bb2 b6 11. a3 Ne5 12. Nxe5 Bxe5 13. Nf3 Bd6 14. c4 Bb7 15. Rc1 Rc8 16. Qe2 Qe7 17. cxd5 Nxd5 18. Ba6 Qd7 19. Ne5 Bxe5 20.
Bxe5 Rxc1 21. Rxc1 Rc8 22. Rxc8+ Qxc8 23. Bxb7 Qxb7 24. Qg4 f5 25. Qc4 Kf7 26. h3 Ne7 27. b5 Qd5 28. Qc7 Qxb5 29.
Bxg7 Qc5 30. Qg3 Ng6 31. Bd4 Qxa3 32. h4 h5 33. Qf3 Qf8 34. Qxh5 Qg8 35. Qg5 a5 36. Qf6+ Ke8 37. Bxb6 a4 38.
Qd8+ Kf7 39. Qd7+ Ne7 40. Qxa4 Qb8 41. Qa7 Qxa7 42. Bxa7 Kg6 43. g3 e5 44. Bc5 Nd5 45. Kg2 e4 46.
Bd4 Kh5 47. f3 Nb4 48. fxe4 fxe4 49. Kh3 Nc2 50. g4+ Kg6 51. Kg3 Ne1 52. Bb6 Nd3 53. Bd8 Kh6 54. Bg5+ Kg6 55. Bf4 1-0

[Event "Pobeskydi 2026"]
[Site "Frydek-Mistek, Czech Republic"]
[Date "2026.04.03"]
[Round "4.9"]
[White "Chubar, Vladimir"]
[Black "Ocelak, David"]
[Result "0-1"]
[TimeControl "90 min+30s/move"]
[WhiteTitle "-"]
[BlackTitle "-"]
[WhiteFideId "14101491"]
[BlackFideId "23728795"]
[WhiteElo "1885"]
[BlackElo "2009"]

1. d4 Nf6 2. Bg5 d5 3. Nd2 e6 4. e4 dxe4 5. Nxe4 Be7 6. Bxf6 gxf6 7. Nf3 f5 8. Nc3 c6 9. g3 Nd7 10.
Bg2 Qc7 11. O-O b6 12. Re1 Bb7 13. Qd3 O-O-O 14. Qc4 h5 15. b4 Bf6 16. Rad1 b5 17. Qb3 a6 18. a4 h4 19. Ne2 hxg3 20.
hxg3 Nb6 21. a5 Nc4 22. Nf4 Rhg8 23. c3 c5 24. Nh5 Bg5 25. dxc5 Rxd1 26. Qxd1 Rd8 27. Qe2 Bd2 28. Nxd2 Rxd2 29.
Qf1 Bc6 30. Bxc6 Qxc6 31. Qg2 Qxg2+ 32. Kxg2 Rc2 33. Nf6 Kd8 34. Kf3 Rxc3+ 35. Kf4 Rc2 36. Rd1+ Rd2 37. Rxd2+ Nxd2 38. g4 fxg4 39.
Nxg4 Ke7 40. Ne5 f6 41. Nc6+ Kd7 42. Na7 Kc7 43. Kg4 Kb7 44. Kh5 Kxa7 45. Kg6 Ne4 46. f3 f5 47. Kf7 Kb7 48.
Ke7 Kc6 0-1

[Event "Pobeskydi 2026"]
[Site "Frydek-Mistek, Czech Republic"]
[Date "2026.04.03"]
[Round "4.10"]
[White "Ciupka, Kamil"]
[Black "Szumiec, Jan"]
[Result "0-1"]
[TimeControl "90 min+30s/move"]
[WhiteTitle "-"]
[BlackTitle "-"]
[WhiteFideId "21000417"]
[BlackFideId "41815661"]
[WhiteElo "1981"]
[BlackElo "1826"]

1. e4 c5 2. Nf3 d6 3. Bb5+ Nd7 4. O-O a6 5. Bd3 Ngf6 6. c3 b5 7. Bc2 c4 8. b3 Bb7 9. Re1 e6 10.
bxc4 bxc4 11. Na3 Rc8 12. Rb1 Ba8 13. Qe2 Qc7 14. Nd4 Be7 15. f3 O-O 16. Kh1 g6 17. Qf1 e5 18. Ne2 Qa5 19.
Rb4 Nb6 20. Qg1 Rc6 21. Rb2 Qxa3 22. Rxb6 Qxa2 23. Bb2 Rxb6 24. Qxb6 Nd7 25. Nc1 Nxb6 26. Nxa2 Bg5 27. Rb1 Nd7 28.
Ba3 Nc5 29. Rb4 Bxd2 30. Rxc4 Be3 31. Rb4 Rd8 32. Rb1 Ne6 33. Bd3 d5 34. Be7 Re8 35. Bd6 Nf4 36. Bc2 dxe4 37. fxe4 f5 38.
Bxe5 Rxe5 39. Rb8+ Kg7 40. Rxa8 Ra5 41. Bb1 Rb5 42. Bc2 Rb2 43. Nb4 Bc5 44. g3 Bxb4 45. cxb4 Nh3 46. Kg2 Ng5 47.
Ra7+ Kf6 48. Rxa6+ Ke5 49. Rc6 Nxe4 50. Kg1 Rxb4 51. Rc7 Kd4 52. Rxh7 Rb2 53. Rd7+ Ke3 54. Rc7 Kd2 55. Ba4 Ke3 56.
Bc2 g5 57. Rc4 g4 58. h3 Ng5 59. hxg4 fxg4 60. Rc5 Nf3+ 61. Kf1 Ra2 62. Rc3+ Kd2 63. Bb1 Rb2 64. Rd3+ Kc1 65. Rc3+ Kxb1 66. Rc1+ Ka2 67. Ra1+ Kb3 68. Ra3+ Kc4 69. Rc3+ Kd5 70. Rc5+ Ke4 71. Ke1 0-1

[Event "Pobeskydi 2026"]
[Site "Frydek-Mistek, Czech Republic"]
[Date "2026.04.03"]
[Round "4.11"]
[White "Lorenc, Matej"]
[Black "Sarkozi, Szabolcs"]
[Result "0-1"]
[TimeControl "90 min+30s/move"]
[WhiteTitle "-"]
[BlackTitle "-"]
[WhiteFideId "23772468"]
[BlackFideId "14941660"]
[WhiteElo "1858"]
[BlackElo "2117"]

1. e4 d5 2. exd5 Qxd5 3. Nc3 Qd6 4. Nf3 Nf6 5. Bc4 Nc6 6. Qe2 Bg4 7. Qe3 Bxf3 8. Qxf3 O-O-O 9. d3 Nd4 10.
Qd1 Qe5+ 11. Ne2 e6 12. c3 Nc6 13. Bf4 Qf5 14. O-O g5 15. Be3 Bd6 16. Ng3 Qg6 17. f4 gxf4 18. Bxf4 e5 19.
Bxf7 Qxf7 20. Bg5 Be7 21. Ne4 Rhg8 22. Bxf6 Qg6 23. g3 h5 24. Qf3 h4 25. Bxe7 Nxe7 26. Rad1 hxg3 27. hxg3 Qh6 28.
c4 Rh8 29. Rf2 Nc6 30. Rdd2 Nd4 31. Qg2 Rdg8 32. Rf6 Qg7 33. Rdf2 Qe7 34. a3 Ne6 35. R2f5 Nf4 36. Qf3 Qh7 37.
Nc5 Rxg3+ 38. Qxg3 Qh1+ 39. Kf2 Rh2+ 40. Qxh2 Qxh2+ 41. Kf3 Qg2+ 42. Ke3 Qe2# 0-1

[Event "Pobeskydi 2026"]
[Site "Frydek-Mistek, Czech Republic"]
[Date "2026.04.04"]
[Round "5.1"]
[White "Sigut, Ondrej"]
[Black "Gnojek, Petr"]
[Result "0-1"]
[TimeControl "90 min+30s/move"]
[WhiteTitle "-"]
[BlackTitle "-"]
[WhiteFideId "23712813"]
[BlackFideId "371807"]
[WhiteElo "2016"]
[BlackElo "2401"]

1. e4 d6 2. d4 Nf6 3. Nc3 g6 4. Nf3 Bg7 5. Bd3 Bg4 6. h3 Bxf3 7. Qxf3 Nc6 8. Ne2 Nb4 9. c3 Nxd3+ 10. Qxd3 O-O 11. O-O e6 12. Be3 Qd7 13. Rad1 Qc6 14. Ng3 h5 15. f3 a5 16. Kh2 a4 17. c4 Qa6 18. Qc2 b5 19.
Rc1 bxc4 20. Qxc4 Qxc4 21. Rxc4 d5 22. Rxc7 h4 23. Ne2 dxe4 24. fxe4 Nxe4 25. b3 axb3 26. axb3 Nd6 27. Rc2 Nf5 28.
Bf2 Rab8 29. Rb1 Rb5 30. Rc4 Rfb8 31. b4 Bf8 32. Be1 Ne3 33. Rc3 Nd5 34. Rcb3 Bxb4 35. Kg1 R5b6 36. Bxh4 Bc5 37.
Rxb6 Bxb6 38. Bf2 Ra8 39. Kf1 Ra2 40. g4 Rxe2 0-1

[Event "Pobeskydi 2026"]
[Site "Frydek-Mistek, Czech Republic"]
[Date "2026.04.04"]
[Round "5.2"]
[White "Zeman, Daniel Nikolas"]
[Black "Walek, Petr"]
[Result "1/2-1/2"]
[TimeControl "90 min+30s/move"]
[WhiteTitle "-"]
[BlackTitle "-"]
[WhiteFideId "23717130"]
[BlackFideId "339393"]
[WhiteElo "1957"]
[BlackElo "2304"]

1. e4 c5 2. Nf3 g6 3. c3 Bg7 4. d4 cxd4 5. cxd4 d5 6. exd5 Nf6 7. Nc3 O-O 8. Bc4 Nbd7 9. O-O Nb6 10.
Bb3 Nbxd5 11. Re1 b6 12. Bg5 Bb7 13. Nxd5 Bxd5 14. Bxd5 Nxd5 15. Qd2 Rc8 16. Rac1 f6 17. Bh6 Qd7 18.
Bxg7 Kxg7 19. b3 Rxc1 20. Rxc1 Rd8 21. h3 Qf5 22. Qc2 Qxc2 23. Rxc2 g5 24. g3 Kf7 25. Kg2 h5 26. a3 Ke6 27.
Nh2 Rh8 28. Nf1 h4 29. Ne3 hxg3 30. Nxd5 Kxd5 31. Kxg3 Kd6 32. Rc4 Rh4 33. f3 e6 34. b4 Rh7 35. Rc8 Rd7 36. Rf8 Ke7 37.
Rh8 Rxd4 38. Rh7+ Kd6 39. Rxa7 b5 40. Ra8 Ke5 41. Rc8 Rd3 42. Rc5+ Kd6 43. Rxb5 Rxa3 44. Rb6+ Ke5 45. Rb5+ Kd6 46.
Rb6+ Ke5 47. Rb5+ Kd4 48. Rb6 Ke5 1/2-1/2

[Event "Pobeskydi 2026"]
[Site "Frydek-Mistek, Czech Republic"]
[Date "2026.04.04"]
[Round "5.3"]
[White "Lichorad, Mateusz"]
[Black "Haasova, Timea"]
[Result "1/2-1/2"]
[TimeControl "90 min+30s/move"]
[WhiteTitle "-"]
[BlackTitle "-"]
[WhiteFideId "21817693"]
[BlackFideId "14960109"]
[WhiteElo "2039"]
[BlackElo "2012"]

1. e4 c5 2. Nf3 e6 3. d4 cxd4 4. Nxd4 Nf6 5. Nc3 Nc6 6. Ndb5 Bb4 7. a3 Bxc3+ 8. Nxc3 d5 9. exd5 exd5 10.
Bd3 O-O 11. O-O d4 12. Ne2 Bg4 13. f3 Bh5 14. Nf4 Bg6 15. Nxg6 hxg6 16. f4 Re8 17. Qf3 Qd7 18. Bd2 Re7 19.
b4 a6 20. a4 Nd5 21. b5 Ncb4 22. Rab1 Nxd3 23. Qxd3 axb5 24. axb5 Ne3 25. Rf3 Rae8 26. Re1 Qg4 27. Bxe3 Rxe3 28.
Rfxe3 Rxe3 29. Rxe3 dxe3 30. Qxe3 Qd1+ 31. Kf2 Qxc2+ 32. Kg3 Qc4 33. b6 Qc6 34. Qd4 Qe6 35. h3 Kf8 36. Qd8+ Qe8 37.
Qd6+ Kg8 38. Qc7 Qe4 39. Kh2 Qd5 1/2-1/2

[Event "Pobeskydi 2026"]
[Site "Frydek-Mistek, Czech Republic"]
[Date "2026.04.04"]
[Round "5.4"]
[White "Karas, Marek"]
[Black "Buchtova, Viktorie"]
[Result "1-0"]
[TimeControl "90 min+30s/move"]
[WhiteTitle "-"]
[BlackTitle "-"]
[WhiteFideId "14928558"]
[BlackFideId "23714786"]
[WhiteElo "2232"]
[BlackElo "2055"]

1. c4 e5 2. Nc3 Nf6 3. Nf3 Nc6 4. e4 Bb4 5. d3 Bxc3+ 6. bxc3 O-O 7. g3 h6 8. Bg2 d6 9. O-O Be6 10.
Rb1 Rb8 11. Nh4 Nd7 12. Be3 b6 13. Qe2 Na5 14. Nf5 Nf6 15. g4 Nh7 16. Qf3 Qf6 17. Qg3 Nc6 18. Bd2 Ne7 19. f4 exf4 20.
Rxf4 Nxf5 21. gxf5 Bd7 22. Rbf1 Rbe8 23. Rg4 Re5 24. Be3 c5 25. Bf4 Ba4 26. d4 cxd4 27. cxd4 Ra5 28. e5 dxe5 29.
Bxe5 Rxe5 30. dxe5 Qd8 31. f6 g5 32. Qh3 Kh8 33. Qxh6 Rg8 34. Be4 Qd4+ 35. Kh1 Rg6 36. Qxh7+ 1-0